 Dungeon Crawl Stone Soup version 0.19-a0-978-g9f5ef2c (webtiles) character file.

16951 Implojin the Grappler (level 12, -4/198 HPs)
             Began as a Troll Fighter on July 13, 2016.
             Was a High Priest of Trog.
             Slain by a salamander
             ... wielding a +2 spear
              (13 damage)
             ... on level 2 of the Snake Pit.
             The game lasted 00:27:23 (4258 turns).

Implojin the Grappler (Troll Fighter)               Turns: 4258, Time: 00:27:24

Health: -4/198     AC:  9    Str: 32    XL:     12   Next: 14%
Magic:  11/11      EV:  6    Int:  4    God:    Trog [*****.]
Gold:   193        SH: 11    Dex: 13    Spells: 0 memorised, 11 levels left

rFire  . . .     SeeInvis .       - Unarmed
rCold  . . .     Gourm    +     n - +0 troll leather armour
rNeg   . . .     Faith    .     b - +0 shield
rPois  +         Spirit   .     a - +0 hat
rElec  .         Dismiss  .     j - +0 cloak
rCorr  .         Reflect  .     (gloves unavailable)
SustAt .         Harm     .     (boots unavailable)
MR     .....                    (no amulet)
Stlth  ..........               f - ring of poison resistance
                                q - +1 ring of protection

@: berserking (expiring), lethally poisoned (-4 -> -4), constricted, very quick,
not resistant to hostile enchantments, extremely unstealthy
A: unfitting armour, claws 3, fast metabolism 3, gourmand, regeneration 2,
shaggy fur 1, tough skin 2
a: Berserk, Trog's Hand, Brothers in Arms, Burn Spellbooks, Renounce Religion


You were on level 2 of the Snake Pit.
You worshipped Trog.
Trog was extremely pleased with you.
You were very full.

You visited 4 branches of the dungeon, and saw 19 of its levels.
You also visited: Ossuary.

You collected 193 gold pieces.

Inventory:

Hand Weapons
 y - a +3 flail of pain
 B - a cursed +1 hand axe
 C - a +3 hand axe
 F - a +0 blowgun
 H - a +3 falchion
 I - a +1 morningstar
Missiles
 g - 5 large rocks (quivered)
 G - 24 poisoned needles
Armour
 a - a +0 hat (worn)
 b - a +0 shield (worn)
 j - a +0 cloak (worn)
 n - a +0 troll leather armour (worn)
Jewellery
 f - a ring of poison resistance (right claw)
 q - a +1 ring of protection (left claw)
Wands
 m - a wand of enslavement (5/24)
 K - a wand of disintegration (15/24)
Scrolls
 e - 2 scrolls of fog
 h - 7 scrolls of remove curse
 p - 4 scrolls of teleportation
 r - a scroll of random uselessness
 t - 3 scrolls of blinking
 v - a scroll of amnesia {unknown}
Potions
 c - a potion of might
 i - 2 potions of lignification
 k - 2 potions of flight
 l - a potion of cure mutation
 o - 3 potions of haste
 s - 4 potions of ambrosia
 u - 2 potions of curing
 z - a potion of brilliance
 D - a potion of degeneration {unknown}
 E - 2 potions of resistance
 J - 3 potions of heal wounds
Comestibles
 d - 7 bread rations
 w - a slice of pizza
 x - 2 beef jerkies
 A - a meat ration
 L - 8 fruits
 M - a chunk of flesh


   Skills:
 - Level 12.0 Fighting
 - Level 2.4 Dodging
 * Level 6.2 Shields
 - Level 12.4 Unarmed Combat


You had 11 spell levels left.
You didn't know any spells.

Dungeon Overview and Level Annotations

Branches:
Dungeon (12/15)            Temple (1/1) D:6            Lair (4/6) D:8
 Shoals (0/4) Lair:3        Snake (2/4) Lair:3
    Orc: D:9-12

Altars:
Ashenzari
Cheibriados
Dithmenos
Elyvilon
Fedhas
Gozag
Hepliaklqana
Kikubaaqudgha
Makhleb
Nemelex Xobeh
Pakellas
Qazlal
Ru
Sif Muna
Trog
Uskayaw
Vehumet
Xom
Yredelemnul
Zin
The Shining One

Shops:
D:8 [

Annotations:
D:11 Maurice
Lair:3 exclusion: ice statue


Innate Abilities, Weirdness & Mutations

You are too large for most types of armour.
You have claws for hands.
Your metabolism is lightning-fast.
You like to eat raw meat.
You heal very quickly.
You are covered in fur. (AC +1)
You have very tough skin. (AC +2)


Message History

You block the naga's attack. The naga hits you with a dire flail!!
* * * LOW HITPOINT WARNING * * *
The naga closely misses you. The naga hits you with a battleaxe!
* * * LOW HITPOINT WARNING * * *
You block the naga's attack.
You claw the salamander!
The salamander is lightly wounded.
Unknown command.
Unknown command.
You barely miss the salamander.
The salamander is lightly wounded.
You block the guardian serpent's attack.
The salamander hits you with an enchanted spear!
* * * LOW HITPOINT WARNING * * *
You are engulfed in flames!
* * * LOW HITPOINT WARNING * * *
The naga hits you with a hand axe.
* * * LOW HITPOINT WARNING * * *
The naga grabs you.
* * * LOW HITPOINT WARNING * * *
The naga constricts you. You block the naga's attack.
You escape the naga's grasp.
You block the guardian serpent's attack.
The salamander barely misses you.
Unknown command.
You mangle the salamander!!
The salamander is heavily wounded.
The guardian serpent hits you!
* * * LOW HITPOINT WARNING * * *
The naga barely misses you. The naga grabs you.
* * * LOW HITPOINT WARNING * * *
The naga constricts you.
You mangle the salamander!!
The salamander is severely wounded.
You feel sick. You block the naga's attack.
The guardian serpent closely misses you.
The salamander hits you with an enchanted spear.
* * * LOW HITPOINT WARNING * * *
You are engulfed in flames!
You die...

........#
........#
........#
........###
..........#
..........#
..........#
......N@N.#
....[.SNN.#
..........#
.##########


You could see a salamander, a guardian serpent and 3 nagas.

Vanquished Creatures
  Gastronok (Lair:1)
  The ghost of qqqbard the Cruncher, a journeyman MiGl of Makhleb (D:11)
  A naga warrior (Snake:2)
  The ghost of zxkuqyb the Grappler, a novice TrMo of Makhleb (Lair:2)
  A manticore (D:12)
  An ugly thing (D:11)
  A cyclops (D:11)
  A naga mage (Snake:1)
  2 black mambas (Snake:1)
  A guardian serpent (Lair:3)
  2 spiny frogs
  A komodo dragon (Lair:3)
  A freezing wraith (Lair:3)
  A troll (D:11)
  4 blink frogs (Lair:1)
  A two-headed ogre (D:9)
  4 polar bears (Lair:3)
  A boulder beetle (Lair:4)
  A wyvern (D:9)
  A wraith (D:9)
  10 yaks
  A basilisk (Lair:1)
  3 hippogriffs
  2 hungry ghosts
  A naga (Snake:1)
  2 water moccasins
  2 porcupines (Lair:3)
  5 ice beasts
  An orc warrior (D:11)
  2 sky beasts
  3 ogres
  A phantom (D:9)
  2 black bears (D:9)
  An eye of draining (D:10)
  9 centaurs
  5 crocodiles
  3 big kobolds
  6 giant frogs
  2 scorpions
  3 killer bees
  10 wights
  A howler monkey (D:10)
  3 centaur zombies (Ossuary)
  A crimson imp (D:11)
  A jelly (D:10)
  A hound (D:10)
  A giant frog skeleton (D:11)
  A human zombie (D:8)
  A centaur skeleton (D:11)
  2 orc wizards
  4 iguanas
  2 worker ants (D:8)
  8 sheep (Lair:1)
  2 big kobold zombies (Ossuary)
  4 mummies (Ossuary)
  A hound skeleton (D:9)
  A howler monkey zombie (D:9)
  5 adders
  15 river rats (Lair:1)
  A white imp (Lair:3)
  An adder skeleton (D:4)
  A giant gecko (D:4)
  8 orcs
  2 hobgoblins (D:2)
  2 jackals (D:4)
  2 quokkas
  A ball python (D:4)
  2 bats (D:2)
  A giant newt (D:7)
  A hobgoblin zombie (Ossuary)
  35 kobolds
  A kobold zombie (D:8)
214 creatures vanquished.

Vanquished Creatures (others)
  A plant (Lair:3)
1 creature vanquished.

Grand Total: 215 creatures vanquished

Notes
Turn   | Place    | Note
-------+----------+-------------------------------------------
     0 | D:1      | Implojin the Troll Fighter began the quest for the Orb.
     0 | D:1      | Reached XP level 1. HP: 22/22 MP: 0/0
   176 | D:5      | Entered Level 5 of the Dungeon
   257 | D:4      | Noticed an orc wizard
   273 | D:4      | Reached XP level 2. HP: 25/29 MP: 1/1
   279 | D:4      | Reached skill level 3 in Unarmed Combat
   279 | D:4      | Reached XP level 3. HP: 32/36 MP: 2/2
   319 | D:4      | Reached skill level 4 in Unarmed Combat
   412 | D:5      | Noticed a sky beast
   428 | D:5      | Killed a sky beast
   428 | D:5      | Reached skill level 5 in Unarmed Combat
   428 | D:5      | Reached XP level 4. HP: 35/44 MP: 3/3
   428 | D:5      | Reached XP level 5. HP: 40/50 MP: 4/4
   453 | D:6      | Found a staircase to the Ecumenical Temple.
   462 | Temple   | Entered the Ecumenical Temple
   602 | Temple   | Became a worshipper of Trog the Wrathful
   641 | D:6      | Noticed an ogre
   648 | D:6      | Killed an ogre
   648 | D:6      | Reached skill level 6 in Unarmed Combat
   676 | D:7      | Noticed a centaur
   697 | D:7      | Reached XP level 6. HP: 55/59 MP: 5/5
   699 | D:7      | Reached skill level 7 in Unarmed Combat
   805 | D:8      | Found a hide-covered altar of Uskayaw.
   807 | D:8      | Found an opulent altar of Gozag.
   809 | D:8      | Found a blossoming altar of Fedhas.
   824 | D:8      | Reached XP level 7. HP: 62/66 MP: 6/6
   847 | D:8      | Reached skill level 8 in Unarmed Combat
   890 | D:8      | Found a sand-covered staircase.
   903 | D:8      | Found Ymopimpe's Armour Shoppe.
   927 | Ossuary  | Entered an ossuary
  1062 | D:8      | Reached skill level 9 in Unarmed Combat
  1074 | D:9      | Noticed a wraith
  1085 | D:9      | Killed a wraith
  1085 | D:9      | Reached XP level 8. HP: 72/74 MP: 7/7
  1115 | D:9      | Reached * piety under Trog
  1134 | D:9      | Noticed a two-headed ogre
  1141 | D:9      | Killed a two-headed ogre
  1141 | D:9      | Reached skill level 10 in Unarmed Combat
  1323 | D:9      | Reached skill level 11 in Unarmed Combat
  1331 | D:10     | Entered Level 10 of the Dungeon
  1525 | D:11     | Noticed a troll
  1528 | D:11     | Reached ** piety under Trog
  1541 | D:11     | Killed a troll
  1541 | D:11     | Reached XP level 9. HP: 80/80 MP: 8/8
  1576 | D:11     | Noticed a cyclops
  1590 | D:11     | Killed a cyclops
  1590 | D:11     | Reached skill level 12 in Unarmed Combat
  1640 | D:11     | Reached skill level 3 in Fighting
  1721 | D:11     | Noticed a cyan ugly thing
  1732 | D:11     | Killed a cyan ugly thing
  1732 | D:11     | Reached skill level 4 in Fighting
  1830 | D:9      | Reached skill level 5 in Fighting
  1908 | D:11     | Noticed qqqbard's ghost (journeyman MiGl)
  1930 | D:11     | Killed qqqbard's ghost
  1930 | D:11     | Reached skill level 6 in Fighting
  1930 | D:11     | Reached XP level 10. HP: 58/100 MP: 9/9
  1957 | D:12     | Noticed a manticore
  1991 | D:12     | Killed a manticore
  1991 | D:12     | Reached skill level 7 in Fighting
  2134 | D:11     | Noticed Maurice
  2486 | D:9      | Reached skill level 8 in Fighting
  3037 | D:9      | Reached *** piety under Trog
  3037 | D:9      | Reached skill level 9 in Fighting
  3226 | D:8      | Found a staircase to the Lair.
  3247 | Lair:1   | Entered Level 1 of the Lair of Beasts
  3333 | Lair:1   | Reached skill level 10 in Fighting
  3333 | Lair:1   | Reached XP level 11. HP: 113/117 MP: 10/10
  3535 | Lair:1   | Noticed Gastronok
  3541 | Lair:1   | Reached **** piety under Trog
  3580 | Lair:1   | Killed Gastronok
  3580 | Lair:1   | Reached skill level 11 in Fighting
  3635 | Lair:2   | Noticed zxkuqyb's ghost (novice TrMo)
  3658 | Lair:2   | Killed zxkuqyb's ghost
  3908 | Lair:3   | Reached skill level 12 in Fighting
  3953 | Lair:3   | Reached skill level 3 in Shields
  3991 | Lair:3   | Found a staircase to the Shoals.
  4006 | Lair:3   | Reached skill level 4 in Shields
  4132 | Lair:3   | Found a staircase to the Snake Pit.
  4144 | Lair:3   | Reached skill level 5 in Shields
  4145 | Lair:3   | Reached ***** piety under Trog
  4179 | Snake:1  | Entered Level 1 of the Snake Pit
  4191 | Snake:1  | Reached XP level 12. HP: 80/132 MP: 11/11
  4248 | Snake:2  | Noticed a naga warrior
  4253 | Snake:2  | Killed a naga warrior
  4253 | Snake:2  | Reached skill level 6 in Shields
  4258 | Snake:2  | HP: 9/198 [salamander/enchanted spear (6)]
  4258 | Snake:2  | Slain by a salamander

Vault maps used:
D:1:      evilmike_arrival_plus
D:2:      first_bread
D:3:      serial_park_tiny_2, led_sif_book, uniq_natasha
D:4:      lemuel_old_faithful
D:5:      nrook_pool_corridor, hangedman_decor_lopped
D:6:      lemuel_crystal_altar, corner_web_ring, uniq_duvessa
D:7:      kennysheep_generic_room_5, uniq_crazy_yiuf_cottage, uniq_menkaure
D:8:      gammafunk_temple_overflow_forgotten, lair_0_dummy, serial_shops,
          nicolae_shop_waterfront, enter_ossuary_3
D:9:      kennysheep_kobold_camp
D:10:     wad_river_or_something
D:11:     uniq_maurice, uniq_josephine
D:12:     orc_0_dummy, hangedman_stone_soup
Temple:   hc_temple_tempest_star
Lair:1:   grunt_megastairs_3, lemuel_fruit_tree, uniq_erica, uniq_gastronok
Lair:2:   lemuel_fruit_fields, grunt_megastairs_2
Lair:3:   minmay_shoals_entry_centaurs, minmay_snake_entry_spellcaster,
          basic_altar, ice2_lemuel
Snake:2:  minmay_shop_grove
Ossuary:  ossuary_the_hunt_dpeg

Skill      XL: |  1  2  3  4  5  6  7  8  9 10 11 12 |
---------------+-------------------------------------+-----
Unarmed Combat | 3 5 6 7 9 11 12 | 12.4
Fighting       | 6 10 12 | 12.0
Shields        | 5 6 |  6.2
Dodging        | |  2.4

Action                   |  1- 3 |  4- 6 |  7- 9 | 10-12 || total
-------------------------+-------+-------+-------+-------++-------
Melee: Unarmed           |    64 |    55 |   232 |   407 ||   758
 Fire: Blowgun           |       |       |       |     8 ||     8
Throw: Large rock        |       |       |       |     1 ||     1
Invok: Berserk           |       |       |     4 |    10 ||    14
       Burn Spellbooks   |       |       |       |     1 ||     1
  Use: Scroll            |       |       |    11 |     9 ||    20
       Potion            |       |       |       |     1 ||     1
 Stab: Sleeping          |     1 |       |     1 |       ||     2
  Eat: Chunk             |     9 |       |    13 |    37 ||    59
       Meat ration       |       |       |     1 |       ||     1
       Bread ration      |       |       |       |     1 ||     1
Armor: Robe              |    20 |     8 |    38 |    36 ||   102
       Troll leather arm |       |       |       |    53 ||    53
Dodge: Dodged            |    15 |    14 |    53 |   112 ||   194
Block: Shield            |    28 |    27 |    71 |   164 ||   290

Table legend:
 A = Turns spent in this place as a percentage of turns spent in the entire game.
 B = Non-inter-level travel turns spent in this place as a percentage of non-inter-level travel turns spent in the entire game.
 C = Inter-level travel turns spent in this place as a percentage of turns spent in this place.
 D = Turns resting spent in this place as a percentage of non-inter-level travel turns spent in this place.
 E = Turns spent auto-exploring this place as a percentage of non-inter-level travel turns spent in this place.
 F = Non-inter-level travel turns spent in this place divided by the number of levels of this place that you've seen.
                   A       B       C       D       E      F
               +-------+-------+-------+-------+-------+----------------------
         Total | 100.0 | 100.0 |   0.0 |   0.4 |   0.0 | 207.8
       Dungeon |  70.0 |  70.0 |   0.0 |   0.4 |   0.0 | 242.3
        Temple |   4.0 |   4.0 |   0.0 |   0.0 |   0.0 | 167.0
          Lair |  21.2 |  21.2 |   0.0 |   0.5 |   0.0 | 220.0
     Snake Pit |   2.2 |   2.2 |   0.0 |   2.2 |   0.0 |  45.0
       Ossuary |   2.7 |   2.7 |   0.0 |   0.0 |   0.0 | 111.0
               +-------+-------+-------+-------+-------+----------------------

Table legend:
 A = Kills in this place as a percentage of kills in entire the game.
 B = Kills by you in this place as a percentage of kills by you in the entire game.
 C = Kills by friends in this place as a percentage of kills by friends in the entire game.
 D = Other kills in this place as a percentage of other kills in the entire game.
 E = Experience gained in this place as a percentage of experience gained in the entire game.
 F = Experience gained in this place divided by the number of levels of this place that you have seen.
                   A       B       C       D       E      F
               +-------+-------+-------+-------+-------+----------------------
         Total | 100.0 | 100.0 |  -nan |  -nan | 100.0 | 1210.8
       Dungeon |  62.6 |  62.6 |  -nan |  -nan |  41.0 | 828.4
          Lair |  30.4 |  30.4 |  -nan |  -nan |  47.8 | 2893.0
     Snake Pit |   2.3 |   2.3 |  -nan |  -nan |  10.1 | 1219.0
       Ossuary |   4.7 |   4.7 |  -nan |  -nan |   1.1 | 266.0
               +-------+-------+-------+-------+-------+----------------------
